 Dungeon Crawl Stone Soup version 0.31-a0-246-g8cbcc1cb85 (webtiles) character file.

Game seed: 14017410421624703140

188 qw the Shooter (level 5, 0/45 HPs)
             Began as a Minotaur Hexslinger on July 12, 2023.
             Slain by a hobgoblin (4 damage)
             ... on level 4 of the Dungeon.
             The game lasted 00:01:07 (3013 turns).

qw the Shooter (Minotaur Hexslinger)                Turns: 3013, Time: 00:01:08

Health: 0/45       AC:  4    Str: 12    XL:     5   Next: 39%
Magic:  5/5        EV: 27    Int: 10    God:
Gold:   215        SH:  0    Dex: 18    Spells: 5/6 levels left

rFire   . . .        Y - +1 orcbow
rCold   . . .        (shield currently unavailable)
rNeg    . . .        e - +0 robe "Jemeivui" {Dex+3}
rPois   .            (helmet restricted)
rElec   .            (no cloak)
rCorr   .            (no gloves)
SInv    .            g - +1 pair of boots
Will    .....        h - amulet of the acrobat
Stlth   +            b - +4 ring of slaying {mikee}
HPRegen 0.27/turn    (no ring)
MPRegen 0.09/turn

%: acrobat
@: confused, lethally poisoned (0 -> -9), acrobatic
A: horns 2, retaliatory headbutt
a: no special abilities


You were on level 4 of the Dungeon.
You visited 2 branches of the dungeon, and saw 5 of its levels.

You collected 215 gold pieces.


Innate Abilities, Weirdness & Mutations

You have a pair of horns on your head.
You reflexively headbutt those who attack you in melee.


   Skills:
 - Level 3.0 Fighting
 + Level 5.5 Ranged Weapons
 - Level 1.1 Armour
 - Level 2.1 Dodging
 - Level 1.0 Spellcasting
 - Level 2.0 Hexes


You had 5 spell levels left.
You knew the following spells:

 Your Spells              Type           Power      Damage    Failure   Level
a - Slow                  Hex            16%        N/A       16%         1

Your spell library contained the following spells:

 Spells                   Type           Power      Damage    Failure   Level
 Inner Flame              Hex/Fire       2%         N/A       56%         3
 Portal Projectile        Hex/Tloc       4%         N/A       56%         3
 Cause Fear               Hex            2%         N/A       83%         4

Inventory:

Hand Weapons
 Y - a +1 orcbow (weapon)
Armour
 e - the +0 robe "Jemeivui" (worn) {Dex+3}
   (You found it on level 2 of the Dungeon)

   Dex:       It affects your dexterity (+3).
 g - a +1 pair of boots (worn)
Jewellery
 b - a +4 ring of slaying (left hand) {mikee}
 h - an amulet of the acrobat (around neck)
Scrolls
 a - 3 scrolls of teleportation
 d - a scroll of identify
Potions
 f - a potion of haste {unknown}
 i - a potion of lignification {unknown}

Dungeon Overview and Level Annotations

Branches:
Dungeon (4/15)             Temple (1/1) D:4

Altars:
Ashenzari
Cheibriados
Dithmenos
Elyvilon
Fedhas
Gozag
Hepliaklqana
Kikubaaqudgha
Makhleb
Ru
Sif Muna
Trog
Wu Jian
Xom
Yredelemnul
Zin
The Shining One


Message History

The magic dart hits you.
You hear some strange, mumbled words.
You are more confused.
Something completely misses you. Something closely misses you.
The hobgoblin closely misses you.
An orc comes into view.
It is wielding a +2 short sword of protection.
Something misses you. The hobgoblin closely misses you.
The orc shouts!
You hear a shout!
The hobgoblin misses you. Something hits you. Something hits you.
The hobgoblin misses you. Something hits you. The hobgoblin closely misses you.
The orc closely misses you. The orc misses you. Something closely misses you.
The hobgoblin barely misses you.
You hear some strange, mumbled words.
A magic dart appears from out of thin air!
The magic dart hits you. The orc misses you.
The hobgoblin completely misses you.
A kobold comes into view. It is wielding a +0 short sword.
You hear some strange, mumbled words.
You are more confused.
The hobgoblin completely misses you. The orc completely misses you.
Something barely misses you. The hobgoblin closely misses you.
The orc completely misses you. Something hits you.
The orc hits you but does no damage.
You are poisoned.
The kobold throws a stone.
The hobgoblin completely misses you.
You feel very sick.
You hear some strange, mumbled words.
A puff of flame appears from out of thin air!
The puff of flame hits you! The hobgoblin hits you.
The orc hits you with a +0 hand axe of venom.
You are lethally poisoned!
You feel very sick. Something hits you but does no damage.
The hobgoblin completely misses you. The orc completely misses you.
You feel very sick.
The orc hits you with a +0 hand axe of venom.
The hobgoblin hits you.
You die...

.. ?#. )).. ..# .....
..# ....K#### #.#
.....).o##### #..
....(.{go...# #.#
...####@###.# #.########
.....:....#.###.#......#
#.........<.....##.###.#
#.#.###...#.###.##.# #.#
.. ###.#.# #.##.# #.#
#+#######..## #.##.# #.#
............###.##.# #.#
...................# #.#
#####
.......####.###.#### #.#


You could see 2 orcs, a hobgoblin and a kobold.

Vanquished Creatures
  Robin (D:3)
  4 gnolls (D:2)
  4 adders
  2 dart slugs (D:4)
  8 orcs
  6 endoplasms
  A giant cockroach (D:2)
  11 goblins
  10 hobgoblins
  7 jackals (D:1)
  A quokka (D:3)
  15 ball pythons
  4 bats
  6 frilled lizards
  2 kobolds
  6 rats
88 creatures vanquished.

Notes
Turn   | Place    | Note
-------+----------+-------------------------------------------
     0 | D:1      | qw the Minotaur Hexslinger began the quest for the Orb.
     0 | D:1      | Reached XP level 1. HP: 16/16 MP: 1/1
     0 | D:1      | 0 ||| qw: Version: 0.3-a-52-g30416fa
     0 | D:1      | 0 ||| qw: Game counter: 6383
     0 | D:1      | 0 ||| qw: Melee chars always use a shield: true
     0 | D:1      | 0 ||| qw: God list: Okawaru
     0 | D:1      | 0 ||| qw: Allow faded altars: false
     0 | D:1      | 0 ||| qw: Do Orc after clearing Dungeon:15 true
     0 | D:1      | 0 ||| qw: Do second Lair branch before Depths: true
     0 | D:1      | 0 ||| qw: Lair rune preference: random
     0 | D:1      | 0 ||| qw: Goals: Normal
     0 | D:1      | 0 ||| PLANNING D:1-11
   158 | D:1      | Found a faded altar of an unknown god.
   202 | D:1      | Reached skill level 3 in Ranged Weapons
   202 | D:1      | Reached XP level 2. HP: 23/23 MP: 2/2
   778 | D:1      | Reached XP level 3. HP: 29/29 MP: 3/3
   921 | D:1      | 921 ||| UPGRADING to +0 ring mail.
   931 | D:1      | 931 ||| DROPPING +0 robe.
   932 | D:1      | 932 ||| UPGRADING to amulet of the acrobat.
   937 | D:1      | 937 ||| READING scroll labelled BUNENLEAGE.
   942 | D:1      | 942 ||| READING scroll labelled ACYMUS VITUBB.
   943 | D:1      | 943 ||| READING scroll labelled YJUZUE EFAVO.
   944 | D:1      | 944 ||| DROPPING scroll of poison.
  1118 | D:2      | Reached skill level 4 in Ranged Weapons
  1176 | D:2      | Reached skill level 1 in Armour
  1176 | D:2      | 1176 ||| FLEEEEING.
  1177 | D:2      | 1177 ||| FLEEEEING.
  1178 | D:2      | 1178 ||| FLEEEEING.
  1179 | D:2      | 1179 ||| FLEEEEING.
  1180 | D:2      | 1180 ||| FLEEEEING.
  1181 | D:2      | 1181 ||| FLEEEEING.
  1182 | D:2      | 1182 ||| FLEEEEING.
  1183 | D:2      | 1183 ||| FLEEEEING.
  1184 | D:2      | 1184 ||| FLEEEEING.
  1185 | D:2      | 1185 ||| FLEEEEING.
  1186 | D:2      | 1186 ||| FLEEEEING.
  1192 | D:2      | Reached XP level 4. HP: 24/36 MP: 4/4
  1304 | D:2      | Found a burning altar of Makhleb.
  1480 | D:2      | Identified the +0 robe "Jemeivui" {Dex+3}
  1738 | D:2      | 1738 ||| SWAPPING to +0 orcbow.
  1739 | D:2      | 1739 ||| DROPPING +1 sling.
  1740 | D:2      | 1740 ||| UPGRADING to +0 robe "Jemeivui" {Dex+3}.
  1750 | D:2      | 1750 ||| UPGRADING to +0 pair of boots.
  1755 | D:2      | 1755 ||| DROPPING +0 ring mail.
  1756 | D:2      | 1756 ||| READING scroll of enchant armour.
  1756 | D:2      | 1756 ||| ENCHANTING +0 pair of boots.
  1757 | D:2      | 1757 ||| UPGRADING to +4 ring of slaying {mikee}.
  1758 | D:2      | 1758 ||| READING scroll labelled FEAHARPH MOGH.
  1759 | D:2      | 1759 ||| READING scroll labelled NIMOPH UJYS.
  1798 | D:3      | Reached skill level 5 in Ranged Weapons
  1830 | D:3      | Found an ancient bone altar of Kikubaaqudgha.
  1830 | D:3      | Found a faded altar of an unknown god.
  1838 | D:3      | Found a sacrificial altar of Ru.
  1840 | D:3      | Found a hazy altar of Hepliaklqana.
  1842 | D:3      | Found a shimmering blue altar of Sif Muna.
  1989 | D:3      | Noticed Robin
  1995 | D:3      | Killed Robin
  2042 | D:3      | Found a shadowy altar of Dithmenos.
  2044 | D:3      | Reached XP level 5. HP: 44/44 MP: 5/5
  2090 | D:3      | Reached skill level 3 in Fighting
  2226 | D:3      | Found a broken altar of Ashenzari.
  2467 | D:3      | 2467 ||| READING scroll labelled LURIRROE XIAMN.
  2468 | D:3      | 2468 ||| READING scroll labelled QIDUTI YWNANUS.
  2480 | D:4      | 2480 ||| STAIRDANCE
  2589 | D:4      | 2589 ||| STAIRDANCE
  2613 | D:4      | Found a staircase to the Ecumenical Temple.
  2614 | D:4      | 2614 ||| PLANNING TEMPLE
  2623 | Temple   | Entered the Ecumenical Temple
  2799 | Temple   | 2799 ||| PLANNING D:1-11
  3011 | D:4      | HP: 11/45 [orc/+0 hand axe of venom (2)]
  3013 | D:4      | HP: 4/45 [orc/+0 hand axe of venom (2)]
  3013 | D:4      | Slain by a hobgoblin

Levels and vault maps discovered:
D:1:      erik_arrival_triangle_large, layout_basic,
          ebering_ecumenical_altar_petrified, serial_corexii_hall,
          corexii_hall_statues_u, corexii_hall_statues_u
D:2:      layout_loops_ring, basic_altar
D:3:      layout_loops_ring, nicolae_dithmenos_through_a_glass_darkly,
          chequers_temple_overflow_minitemple, marbit_many_paths, uniq_robin
D:4:      layout_basic, temple_pool_b
Temple:   bh_familiar_temple

Skill      XL: |  1  2  3  4  5 |
---------------+----------------+-----
Ranged Weapons | 3 4 5 |  5.5
Fighting       | 2 3 |  3.0
Armour         | 1 |  1.1
Dodging        | |  2.1
Spellcasting   | |  1.0
Hexes          | |  2.0

Action                     |  1- 3 |  4- 6 || total
---------------------------+-------+-------++-------
   Fire: Sling             |    99 |    28 ||   127
         Orcbow            |       |    75 ||    75
    Use: Scroll            |     3 |     5 ||     8
 Armour: Robe              |     4 |     7 ||    11
         Ring mail         |     6 |     1 ||     7
  Dodge: Dodged            |    21 |    37 ||    58

Table legend:
 A = Non-vault XP
 B = Vault XP
 C = Vault XP percentage of total XP
 D = Non-vault monster count
 E = Vault monster count
 F = Vault count percentage of total count
                 A         B        C        D         E       F
            +---------+---------+-------+---------+---------+-------
      Total |     239 |      30 |  11.2 |      79 |       9 |  10.2
            +---------+---------+-------+---------+---------+-------
        D:1 |      48 |       0 |   0.0 |      30 |       0 |   0.0
        D:2 |     105 |       0 |   0.0 |      19 |       0 |   0.0
        D:3 |      39 |      30 |  43.5 |      17 |       9 |  34.6
        D:4 |      47 |       0 |   0.0 |      13 |       0 |   0.0
            +---------+---------+-------+---------+---------+-------
